 Dungeon Crawl Stone Soup version 0.19-a0-1886-gd64a0f0 (webtiles) character file.

18 vev the Skirmisher (level 2, 0/19 HPs)
             Began as a Tengu Abyssal Knight on Oct 16, 2016.
             Was a Follower of Lugonu.
             Slain by a leopard gecko (3 damage)
             ... on level 1 of the Dungeon.
             The game lasted 00:01:06 (937 turns).

vev the Skirmisher (Tengu Abyssal Knight)            Turns: 937, Time: 00:01:06

Health: 0/19       AC:  4    Str: 12    XL:     2   Next: 70%
Magic:  4/4        EV: 12    Int: 12    God:    Lugonu [*.....]
Gold:   71         SH:  0    Dex: 13    Spells: 0 memorised, 1 level left

rFire  . . .     SeeInvis .     a - +1 falchion
rCold  . . .     Gourm    .     b - +0 leather armour
rNeg   . . .     Faith    .     (no shield)
rPois  .         Spirit   .     (helmet restricted)
rElec  .         Dismiss  .     (no cloak)
rCorr  .         Reflect  .     d - +0 pair of gloves
MR     .....     Harm     +     (boots unavailable)
Stlth  ++........               p - amulet of harm
                                f - ring of stealth
                                (no ring)

@: no status effects
A: beak, talons 3
a: Depart the Abyss, Renounce Religion


You were on level 1 of the Dungeon.
You worshipped Lugonu.
Lugonu was aware of your devotion.
You were not hungry.

You visited 1 branch of the dungeon, and saw 1 of its levels.
You visited the Abyss 1 time.

You collected 71 gold pieces.

Inventory:

Hand Weapons
 a - a +1 falchion (weapon)
Missiles
 j - a throwing net (quivered)
Armour
 b - a +0 leather armour (worn)
 d - a +0 pair of gloves (worn)
Jewellery
 e - an uncursed ring of ice
 f - a ring of stealth (right hand)
 p - an amulet of harm (around neck)
Scrolls
 h - a scroll of fear {unknown}
 i - a scroll of identify {unknown}
 m - a scroll of teleportation {unknown}
 n - a scroll of amnesia {unknown}
 o - a scroll of blinking {unknown}
 s - a scroll of fog {unknown}
Potions
 k - a potion of lignification {unknown}
 q - a potion of ambrosia {unknown}
 r - a potion of might {unknown}
Comestibles
 c - a bread ration
 g - a meat ration
 l - a slice of pizza


   Skills:
 + Level 3.1 Fighting
 + Level 2.5 Long Blades
 + Level 2.5 Armour
 + Level 1.7 Dodging
 + Level 1.9 Invocations


You had one spell level left.
You didn't know any spells.

Dungeon Overview and Level Annotations

Branches:
Dungeon (1/15)

Altars:


Innate Abilities, Weirdness & Mutations

You have a beak for a mouth.
You have claws for feet.


Message History

The leopard gecko bites you but does no damage.
A leopard gecko is nearby!
You closely miss the leopard gecko. Your kick misses the leopard gecko.
The leopard gecko is severely wounded.
The leopard gecko bites you. x2
A leopard gecko is nearby!
You closely miss the leopard gecko.
The leopard gecko is severely wounded.
The leopard gecko bites you.
A leopard gecko is nearby!
You closely miss the leopard gecko.
The leopard gecko is severely wounded.
The leopard gecko bites you but does no damage.
A leopard gecko is nearby!
You barely miss the leopard gecko.
The leopard gecko is severely wounded.
The leopard gecko bites you.
* * * LOW HITPOINT WARNING * * *
The leopard gecko bites you.
You die...

#.....................#
#................#...##
#......######.####...##
#......# #.###..#..##
#......# #.##..###..##
#......# ###..## ##..##
#......# ##..## ##..##
#......# ##l.## ##..##
############@.#####
#####..##
#...........).........
#.#..###.#..#.##.###..
#.##.# ## #.##...#.#
#..#... ........#
##...### ## ###.. #...
##... ##.. ##### ##...#
##.. ##...###...##


You could see a leopard gecko.

Vanquished Creatures
  A dart slug (D:1)
  A giant cockroach (D:1)
  3 hobgoblins (D:1)
  2 jackals (D:1)
  A bat (D:1)
  A frilled lizard (D:1)
  4 goblins (D:1)
  2 rats (D:1)
15 creatures vanquished.

Notes
Turn   | Place    | Note
-------+----------+-------------------------------------------
     0 | Abyss:1  | vev the Tengu Abyssal Knight began the quest for the Orb.
     0 | Abyss:1  | Reached XP level 1. HP: 14/14 MP: 3/3
     2 | Abyss:1  | Found a roughly hewn altar of Beogh.
    19 | D:1      | Escaped the Abyss
   485 | D:1      | Reached XP level 2. HP: 19/19 MP: 4/4
   937 | D:1      | Slain by a leopard gecko

Vault maps used:
D:1:      dpeg_chamrin_arrival_tetris

Action                   || total
-------------------------++-------
Melee: Falchion          ||    40
       Kick              ||     9
       Peck              ||     3
 Stab: Sleeping          ||     1
Armor: Leather armour    ||    16
Dodge: Dodged            ||    32
       Rpst.: Falchion   ||    13
